 Dungeon Crawl Stone Soup version 0.26-a0-1033-gd598b01645 (webtiles) character file.

Game seed: 3806604488659994374

13 PentaManta the Chopper (level 2, -4/26 HPs)
             Began as a Hill Orc Monk on Dec 10, 2020.
             Slain by a gnoll (5 damage)
             ... on level 1 of the Dungeon.
             The game lasted 00:00:39 (573 turns).

PentaManta the Chopper (Hill Orc Monk)               Turns: 573, Time: 00:00:40

Health: -4/26      AC:  2    Str: 13    XL:     2   Next: 37%
Magic:  2/2        EV: 13    Int: 10    God:
Gold:   22         SH:  0    Dex: 13    Spells: 1/1 levels left

rFire    . . .     SeeInvis .   a - +0 hand axe
rCold    . . .     Faith    .   (no shield)
rNeg     . . .     Spirit   .   b - +0 robe
rPois    .         Reflect  .   (no helmet)
rElec    .         Harm     .   (no cloak)
rCorr    .         Rampage  .   (no gloves)
Will     .....                  (no boots)
Stlth    ++........             f - amulet of inaccuracy (curse)
HPRegen  0.08/turn              (no ring)
MPRegen  0.08/turn              (no ring)

@: no status effects
A: no striking features
a: no special abilities


You were on level 1 of the Dungeon.
You visited 1 branch of the dungeon, and saw 1 of its levels.

You collected 22 gold pieces.

Inventory:

Hand Weapons
 a - a +0 hand axe (weapon)
Armour
 b - a +0 robe (worn)
Jewellery
 f - a cursed amulet of inaccuracy (around neck)
Scrolls
 c - a scroll of identify {unknown}
 d - a scroll of remove curse {unknown}
Potions
 e - a potion of attraction {unknown}


   Skills:
 - Level 3.6 Fighting
 + Level 5.0 Axes
 - Level 2.4 Dodging
 - Level 1.5 Stealth


You had one spell level left.
You didn't know any spells.
Your spell library was empty.

Dungeon Overview and Level Annotations

Branches:
Dungeon (1/15)

Altars:


Message History

The gnoll is severely wounded.
You closely miss the frilled lizard. The gnoll closely misses you.
The frilled lizard bites you but does no damage.
You miss the gnoll.
The gnoll is severely wounded.
You barely miss the frilled lizard. The gnoll hits you.
The frilled lizard closely misses you.
You hit the gnoll.
The gnoll is severely wounded.
You closely miss the frilled lizard. The gnoll hits you.
The frilled lizard barely misses you.
You barely miss the gnoll.
The gnoll is severely wounded.
You hit the frilled lizard. The gnoll hits you!
* * * LOW HITPOINT WARNING * * *
The frilled lizard closely misses you.
You barely miss the gnoll.
The gnoll is severely wounded.
You miss the frilled lizard. The gnoll hits you.
You die...

######
#############....#
#.........(##....#####
#..........##....$....
#..........#...l......
#..........#..@g.#
#..........#.#...#
#..........#.#####
#..........#.#
#............#
#..........#.#####
####.#######.....# #.#
#.....# #.# #>....#


You could see a gnoll and a frilled lizard.

Vanquished Creatures
  A dart slug (D:1)
  2 giant cockroaches (D:1)
  A hobgoblin (D:1)
  2 bats (D:1)
  3 goblins (D:1)
  2 kobolds (D:1)
11 creatures vanquished.

Notes
Turn   | Place    | Note
-------+----------+-------------------------------------------
     0 | D:1      | PentaManta the Hill Orc Monk began the quest for the Orb.
     0 | D:1      | Reached XP level 1. HP: 19/19 MP: 1/1
   250 | D:1      | Reached XP level 2. HP: 26/26 MP: 2/2
   505 | D:1      | Reached skill level 5 in Axes
   572 | D:1      | HP: 1/26 [gnoll (7)]
   573 | D:1      | Slain by a gnoll

Illustrated notes

Levels and vault maps discovered:
D:1:      evilmike_arrival_fibonacci_small, layout_basic,
          chequers_hall_statues_corner_a

Skill      XL: |  1  2 |
---------------+-------+-----
Axes           | 5 |  5.0
Fighting       | |  3.6
Dodging        | |  2.4
Stealth        | |  1.5

Action                   || total
-------------------------++-------
Melee: Hand axe          ||    49
 Stab: Sleeping          ||     2
Armor: Robe              ||    13
Dodge: Dodged            ||    53

Table legend: (Time is in decaauts)
 A = Elapsed time spent in this place.
 B = Non-inter-level travel time spent in this place.
 C = Inter-level travel time spent in this place.
 D = Time resting spent in this place.
 E = Time spent auto-exploring this place.
 F = Levels seen in this place.
 G = Mean time per level.
                   A        B        C        D        E       F      G
               +--------+--------+--------+--------+--------+-----+--------+
         Total |    576 |    576 |      0 |      0 |    476 |   1 |  576.0 |
       Dungeon |    576 |    576 |      0 |      0 |    476 |   1 |  576.0 |
               +--------+--------+--------+--------+--------+-----+--------+

Top non-repeatable levels by time:
     D:1: 576 daAuts
